 Dungeon Crawl Stone Soup version 0.29-a0-72-g1732ff48e7 (webtiles) character file.

Game seed: 3398073548237367388

0 Hubjo the Vexing (level 1, -1/10 HPs)
             Began as a Vampire Enchanter on Feb 3, 2022.
             Slain by a kobold (5 damage)
             ... on level 1 of the Dungeon.
             The game lasted 00:00:20 (43 turns).

Hubjo the Vexing (Vampire Enchanter)                  Turns: 43, Time: 00:00:20

Health: -1/10      AC:  2    Str:  7    XL:     1   Next: 0%
Magic:  3/3        EV: 12    Int: 17    God:
Gold:   17         SH:  0    Dex: 14    Spells: 4/4 levels left

rFire   . . .      SeeInvis +   a - +1 dagger
rCold   + + .      Faith    .   (no shield)
rNeg    + + +      Spirit   .   b - +0 robe
rPois   ∞          Reflect  .   (no helmet)
rElec   .          Harm     .   (no cloak)
rCorr   .          Rampage  .   (no gloves)
Will    .....                   (no boots)
Stlth   +++++.....              (no amulet)
HPRegen 0.00/turn               (no ring)
MPRegen 0.08/turn               (no ring)

@: bloodless, inhibited regen
A: bloodless, fangs 3, see invisible, vampiric 1
a: Revivify


You were on level 1 of the Dungeon.
You visited 1 branch of the dungeon, and saw 1 of its levels.

You collected 17 gold pieces.

Inventory:

Hand Weapons
 a - a +1 dagger (weapon)
Armour
 b - a +0 robe (worn)
Potions
 c - a potion of invisibility


   Skills:
 * Level 0.0 Fighting
 + Level 1.1 Short Blades
 + Level 2.1 Dodging
 * Level 4.4 Stealth
 - Level 2.0 Spellcasting
 + Level 4.4 Hexes


You had 4 spell levels left.
You didn't know any spells.
Your spell library contained the following spells:

 Spells                   Type           Power      Damage    Failure   Level
 Confusing Touch          Hex            16%        N/A       10%         3
 Tukima's Dance           Hex            16%        N/A       10%         3
 Ensorcelled Hibernation  Hex/Ice        18%        N/A       12%         2
 Dazzling Flash           Conj/Hex       18%        N/A       24%         3


Dungeon Overview and Level Annotations

Branches:
Dungeon (1/15)

Altars:


Innate Abilities, Weirdness & Mutations

You do not regenerate when monsters are visible.
You are frail without blood (-20% HP).
You can heal yourself when you bite living creatures.
You are immune to poison.
You have razor-sharp teeth.
You have supernaturally acute eyesight. (SInv)
You are afflicted with vampirism.


Message History

Found 10 gold pieces.
A jackal comes into view.
The jackal barks!
The kobold shouts!
You closely miss the jackal. The jackal barely misses you.
You hit the jackal but do no damage. The jackal closely misses you.
The jackal misses you.
You hit the jackal.
The jackal is moderately wounded.
The kobold throws a stone.
The stone hits you but does no damage.
You barely miss the jackal. The jackal barely misses you.
You barely miss the jackal. The jackal closely misses you.
The jackal misses you.
The kobold hits you with a +0 short sword.
The jackal closely misses you.
You hit the jackal.
The jackal is moderately wounded.
The jackal barely misses you. The kobold barely misses you.
The jackal closely misses you. x2
The kobold throws a stone.
The stone misses you.
The jackal falls through a shaft!
The shaft crumbles and collapses.
The kobold throws a stone.
The stone closely misses you. The jackal barely misses you.
The jackal closely misses you.
The kobold throws a stone.
The stone hits you but does no damage.
You can't go down here!
You hit the jackal.
The jackal is severely wounded.
The jackal bites you.
The kobold throws a stone.
The stone closely misses you.
The jackal bites you but does no damage.
You hit the jackal.
The jackal is almost dead.
The jackal bites you.
The kobold throws a stone.
The stone closely misses you.
You barely miss the jackal.
The jackal is severely wounded.
The jackal barely misses you.
You hit the jackal.
You kill the jackal!
The kobold hits you with a +0 short sword.
Ouch! That really hurt!
You die...

####...####
#.........#
#.......^.#
#.........#
####...####
#...#
####...####
#.†.......#
#.@.......#
#..K......#
####...####
#...# #...#
#.........#
#.........#
#.........#
#.$.......#


You could see a kobold.

Vanquished Creatures
  A jackal (D:1)
1 creature vanquished.

Notes
Turn   | Place    | Note
-------+----------+-------------------------------------------
     0 | D:1      | Hubjo the Vampire Enchanter began the quest for the Orb.
     0 | D:1      | Reached XP level 1. HP: 13/13 MP: 3/3
    43 | D:1      | Slain by a kobold

Illustrated notes

Levels and vault maps discovered:
D:1:      minmay_arrival_hallway, layout_loops_ring

Action                   || total
-------------------------++-------
Melee: Dagger            ||    10
 Abil: Exsanguinate      ||     1
Armor: Robe              ||     3
Dodge: Dodged            ||    18

Table legend: (Time is in decaauts)
 A = Elapsed time spent in this place.
 B = Non-inter-level travel time spent in this place.
 C = Inter-level travel time spent in this place.
 D = Time resting spent in this place.
 E = Time spent auto-exploring this place.
 F = Levels seen in this place.
 G = Mean time per level.
                   A        B        C        D        E       F      G
               +--------+--------+--------+--------+--------+-----+--------+
         Total |     42 |     42 |      0 |      0 |     10 |   1 |   42.0 |
       Dungeon |     42 |     42 |      0 |      0 |     10 |   1 |   42.0 |
               +--------+--------+--------+--------+--------+-----+--------+

Top non-repeatable levels by time:
     D:1: 42 daAuts
